[Event "*** Titled Tuesday Blitz"]
[Site "Chess.com"]
[Date "2020.03.03"]
[Round "1"]
[White "124chess"]
[Black "Sankalp_Gupta2003"]
[Result "0-1"]
[WhiteElo "2459"]
[BlackElo "2828"]
[TimeControl "180+1"]
[EndTime "9:08:35 PST"]
[Termination "Sankalp_Gupta2003 won by resignation"]

1. d4 Nf6 2. Bf4 g6 3. Nc3 d5 4.
e3 Bg7 5. Nb5 Na6 6. c4 O-O 7.
Nf3 Bf5 8. Be2 c6 9. Nc3 Ne4 10. O-O Nxc3 11. bxc3 Qa5 12. Qb3 dxc4 13. Bxc4 b5 14.
Be2 c5 15. Qxb5 Qxb5 16. Bxb5 Nb8 17. Rac1 a6 18. Ba4 Rc8 19. Be5 Nd7 20. Bxg7 Kxg7 21.
e4 Nb6 22. Bc2 Bd7 23. d5 Rab8 24. Rfe1 a5 25. h3 Bb5 26. Red1 Be2 27. Re1 Bxf3 28. gxf3 Nd7 29. f4 Rb2 30. Bb1 c4 31. e5 Rcb8 32. Red1 Nc5 33. f5 gxf5 34. Bxf5 Rxa2 35. d6 e6 36. Bg4 Nb3 37. Rb1 Rd8 38. Kf1 a4 39.
Ke1 Rc2 40. Be2 Rxc3 41. Rb2 a3 42. Ra2 Nc1 43. Ra1 Nxe2 44. Kxe2 Rb8 45. Rdc1 Rb2+ 46. Kf1 Rxc1+ 47. Rxc1 a2 48. d7 Rd2 49. Ra1 c3 50. Rxa2 Rxd7 51. Rc2 Rc7 52. Ke2 Kg6 53. Ke3 Kf5 54. f4 h5 0-1

[Event "*** Titled Tuesday Blitz"]
[Site "Chess.com"]
[Date "2020.03.03"]
[Round "1"]
[White "Andrei_Belozerov"]
[Black "Ceejay271"]
[Result "1/2-1/2"]
[WhiteElo "2647"]
[BlackElo "2297"]
[TimeControl "180+1"]
[EndTime "9:08:36 PST"]
[Termination "Game drawn by repetition"]

1. e4 c5 2. Nf3 Nc6 3. d4 cxd4 4. Nxd4 g6 5. c4 Bg7 6. Be3 Nf6 7. Nc3 O-O 8. Be2 d6 9. Qd2 Bd7 10. f3 Nxd4 11. Bxd4 a5 12. O-O-O a4 13. h4 Qa5 14. Kb1 Rfc8 15. h5 Be6 16. hxg6 hxg6 17. Bxf6 Bxf6 18. Nd5 Bxd5 19. Qxd5 Qb4 20. Qd2 Qb6 21. f4 a3 22.
b3 Qa5 23. Qxa5 Rxa5 24. Rd5 Rxd5 25. exd5 Bc3 26. Kc2 Bb4 27. Kd3 Kg7 28. Bg4 Rh8 29. Bh3 f5 30. Ke3 Bc5+ 31. Kf3 b5 32. cxb5 Rb8 33. Re1 Kf7 34. g4 fxg4+ 35. Kxg4 Rxb5 36. Bf1 Rxb3 37. axb3 Bd4 38. b4 a2 39. b5 a1=Q 40.
Rxa1 Bxa1 41. b6 Bd4 42. b7 Ba7 43. Bc4 Kf6 44. Bb3 Bb8 45. Bc4 Bc7 46. Ba2 Bb8 47.
Bb1 Bc7 48. Be4 Bb8 49. Kh4 Bc7 50. Kg4 Bb8 51. Bd3 Bc7 52. Bb5 Bb8 53. Bd7 Bc7 54.
Be6 Bb8 55. Kf3 g5 56. fxg5+ Kxg5 57. Ke4 Kf6 58. Kd4 Kg7 59. Kc4 Kf8 60. Bd7 Kf7 61. Kb5 Kf6 62. Kc6 Kf7 63. Kb6 Kf8 64. Bb5 Kf7 65. Bd7 Kf8 66. Kc6 Kf7 67. Kb6 1/2-1/2

[Event "*** Titled Tuesday Blitz"]
[Site "Chess.com"]
[Date "2020.03.03"]
[Round "1"]
[White "ALeks_Ivlev"]
[Black "ahkashefi2800"]
[Result "0-1"]
[WhiteElo "2565"]
[BlackElo "2092"]
[TimeControl "180+1"]
[EndTime "9:08:41 PST"]
[Termination "ahkashefi2800 won by resignation"]

1. Nf3 d5 2. c4 d4 3. g3 Nc6 4. Bg2 e5 5. d3 Bb4+ 6. Nbd2 a5 7.
O-O Nf6 8. Nb1 O-O 9. Bg5 h6 10. Bxf6 Qxf6 11. Nbd2 Qd8 12. a3 Be7 13. b3 Bf5 14.
Ne1 Bh7 15. Be4 f5 16. Bd5+ Kh8 17. Nef3 Bf6 18. Rb1 Ne7 19. Bxb7 Rb8 20. Ba6 e4 21. Ne1 c6 22. b4 axb4 23. axb4 Rb6 24. b5 c5 25. f4 exf3 26. Nexf3 f4 27. gxf4 Nf5 28. Ne4 Ne3 29. Qd2 Bxe4 30. dxe4 Nxf1 31. Rxf1 Be7 32. Ne1 Rg6+ 33. Kh1 Qa8 34. Qd3 Rgf6 35. Ng2 Bd6 36. f5 Qb8 37. Qh3 Be5 38. Nh4 Kg8 39. Ng6 R8f7 40.
Kg2 Qe8 41. Qg4 Bb8 42. h4 h5 43. Qf3 Rxg6+ 44. fxg6 Rxf3 45. Rxf3 Qxe4 46. Bc8 Qxe2+ 47. Rf2 Qe4+ 48. Kf1 d3 49. Kg1 Bf4 50. Ra2 Qe1+ 51. Kg2 d2 52. Be6+ Kf8 53. Ra8+ Ke7 54. Bg4 Kf6 55.
Rf8+ Kxg6 56. Rxf4 hxg4 57. Rxg4+ Kf5 58. Rg5+ Kf4 59. Rxg7 d1=Q 60. Rf7+ Kg4 61. Rg7+ Kxh4 62. Rh7+ Qh5 63. Rxh5+ Kxh5 64. b6 Qb4 65. b7 Qxb7+ 66. Kf2 Qb3 0-1

[Event "*** Titled Tuesday Blitz"]
[Site "Chess.com"]
[Date "2020.03.03"]
[Round "1"]
[White "ShahMatKanal"]
[Black "vugarrasulov"]
[Result "0-1"]
[WhiteElo "2510"]
[BlackElo "2896"]
[TimeControl "180+1"]
[EndTime "9:08:44 PST"]
[Termination "vugarrasulov won by resignation"]

1. d4 Nf6 2. c4 e6 3. Nc3 Bb4 4. e3 O-O 5. Ne2 d5 6. a3 Be7 7. Nf4 dxc4 8. Bxc4 Nbd7 9. O-O c5 10. d5 Nb6 11.
Ba2 exd5 12. Ncxd5 Nbxd5 13. Nxd5 Nxd5 14. Bxd5 Bf6 15.
Qb3 Rb8 16. Bd2 b5 17. Bc3 Bxc3 18. bxc3 Qc7 19. e4 c4 20. Qd1 Qc5 21. Kh1 Be6 22. Qf3 Bxd5 23. exd5 Rbd8 24. Rfd1 Rd6 25. a4 a6 26. axb5 axb5 27. Rd2 h6 28. Rad1 Re8 29. h3 Re5 30. Kh2 g6 31. Rd4 Kg7 32. h4 Rf5 33. Qe3 Rdxd5 34. Rxd5 Rxd5 35. Qxc5 Rxc5 36. Rd8 Kf6 37. Kg3 Ke5 38. Kf3 Rd5 39. Rb8 Kd6 40. Ke4 Re5+ 41. Kd4 Rf5 42. f3 Kc6 43. Ke4 Rf6 44.
g4 Re6+ 45. Kd4 Rd6+ 46. Ke4 Rd3 47. Rc8+ Kb7 48. Rf8 Rxc3 49. Rxf7+ Kb6 50. f4 Rc1 51. f5 gxf5+ 52. gxf5 Kc5 53. f6 Re1+ 54. Kf5 b4 55. Rc7+ Kd4 56. Rc8 Rf1+ 57. Kg6 b3 58. f7 b2 59. Rb8 c3 60. Kg7 c2 61. f8=Q Rxf8 62. Kxf8 b1=Q 0-1

[Event "*** Titled Tuesday Blitz"]
[Site "Chess.com"]
[Date "2020.03.03"]
[Round "1"]
[White "Palacios-LLera"]
[Black "Aleksey_Sorokin"]
[Result "1-0"]
[WhiteElo "2519"]
[BlackElo "2863"]
[TimeControl "180+1"]
[EndTime "9:08:45 PST"]
[Termination "Palacios-LLera won by resignation"]

1. d4 Nf6 2. Nf3 e6 3. c4 d5 4. cxd5 exd5 5. Nc3 Be7 6. Qc2 O-O 7. Bf4 c6 8. e3 Nbd7 9. Bd3 Re8 10. O-O Nf8 11. h3 Ng6 12. Bh2 Bd6 13. Bxd6 Qxd6 14. Rab1 Bd7 15. b4 a6 16. Na4 Rad8 17. Nc5 Bc8 18.
a4 Nd7 19. Rfc1 Nxc5 20. bxc5 Qf6 21. Nh2 Re7 22. Nf1 Rde8 23. Ng3 Qg5 24. Bf5 Nh4 25. Bxc8 Rxc8 26. Rb3 Rcc7 27. Rcb1 f5 28. Qd2 Qf6 29. f4 g5 30. Qf2 Qg6 31. Ne2 Qh5 32. fxg5 Qxg5 33.
Nf4 Ng6 34. Kh2 Nxf4 35. exf4 Qf6 36. Qg3+ Rg7 37. Qf2 Rce7 38. Rg3 h6 39. Rxg7+ Rxg7 40. Re1 Kh7 41. Re5 Re7 42. Qe3 Rxe5 43. Qxe5 Qf7 44.
g4 Kg6 45. Kg3 h5 46. g5 Kh7 47. Kh4 Kg8 48. Qb8+ Kg7 49. Qe5+ Kh7 50. a5 Kg6 51. Qd6+ Kh7 52. Qh6+ Kg8 53. g6 Qe7+ 54. Kxh5 Qe2+ 55. Kg5 Qe7+ 56. Kxf5 Qe4+ 57. Kg5 Qe7+ 58. Kg4 Qe2+ 59. Kh4 Qe1+ 60. Kh5 Qe2+ 61. Kg5 Qe7+ 62. Kf5 Qe4+ 63. Kf6 Qxd4+ 64. Ke6 Qg7 65. Qxg7+ Kxg7 66. f5 d4 67. Ke7 d3 68. f6+ Kxg6 69. f7 d2 70. f8=Q d1=Q 71.
Qf6+ Kh5 72. Qf5+ Kh6 73. Qf4+ Kh5 74. Qg4+ Qxg4 75. hxg4+ Kxg4 76. Kd6 Kf4 77. Kc7 Ke4 78. Kxb7 Kd5 79. Kxa6 Kxc5 80. Kb7 Kb4 81. a6 c5 82.
a7 c4 83. a8=Q c3 84. Qa2 1-0

[Event "*** Titled Tuesday Blitz"]
[Site "Chess.com"]
[Date "2020.03.03"]
[Round "1"]
[White "Touching3200"]
[Black "chigorin28"]
[Result "1/2-1/2"]
[WhiteElo "2313"]
[BlackElo "2674"]
[TimeControl "180+1"]
[EndTime "9:08:46 PST"]
[Termination "Game drawn by repetition"]

1. e4 c5 2. Nf3 d6 3. d4 cxd4 4. Nxd4 Nf6 5. Nc3 a6 6. Bg5 e6 7. f4 Be7 8. Qf3 h6 9. Bh4 Qc7 10. O-O-O Nbd7 11. f5 e5 12. Nb3 b5 13. a3 Bb7 14.
Bxf6 Nxf6 15. g4 Rc8 16. Qe2 Nd7 17. h4 Nc5 18. Kb1 Na4 19. Nd5 Bxd5 20. exd5 Nb6 21. Rh3 Nc4 22. Qg2 Qd8 23. Qg3 Bf6 24. Bxc4 Rxc4 25.
Re1 Be7 26. Nd2 Rf4 27. Re4 O-O 28. Rxf4 exf4 29. Qxf4 Bxh4 30. Ne4 Re8 31. Rd3 Bf6 32. Re3 Be5 33. Qf3 Qb6 34. g5 hxg5 35. Nxg5 Qd4 36.
c3 Qh4 37. Ne4 Rc8 38. Nf2 Rc4 39. Nd3 Bf6 40. Ka2 Rg4 41. Nb4 Rf4 42. Re8+ Kh7 43. Qd3 Qg5 44. Nxa6 Qxf5 45. Qxb5 g5 46. Nb4 g4 47.
Kb3 Rf1 48. Nc2 Rf2 49. Re2 g3 50. Ne3 Qf3 51. Rxf2 gxf2 52. Nf1 Be5 53. Ka2 Qd1 54. a4 Bf6 55. a5 Bd8 56. a6 Bb6 57. Qxb6 Qxf1 58.
a7 Qc4+ 59. Qb3 f1=Q 60. a8=Q Qxb3+ 61. Kxb3 Qb5+ 62. Kc2 Qe2+ 63. Kb3 Qb5+ 64. Kc2 Qe2+ 65. Kb3 Qb5+ 1/2-1/2

[Event "*** Titled Tuesday Blitz"]
[Site "Chess.com"]
[Date "2020.03.03"]
[Round "1"]
[White "Roman_Ovetchkin"]
[Black "vaishali2001"]
[Result "1/2-1/2"]
[WhiteElo "2669"]
[BlackElo "2378"]
[TimeControl "180+1"]
[EndTime "9:08:47 PST"]
[Termination "Game drawn - insufficient material"]

1. e4 e5 2. Nf3 Nc6 3. Bb5 g6 4.
d4 exd4 5. c3 a6 6. Ba4 dxc3 7.
Nxc3 Bg7 8. Bg5 Nge7 9. Nd5 b5 10. Bb3 h6 11. Bf6 Kf8 12. Qd2 b4 13. Bxg7+ Kxg7 14. Nxb4 Nxb4 15. Qxb4 Nc6 16. Qc3+ Qf6 17. e5 Nxe5 18.
Qxe5 Qxe5+ 19. Nxe5 Re8 20. f4 d6 21. Bxf7 Re7 22.
Bd5 Rb8 23. O-O-O dxe5 24. Rhe1 Bg4 25. Rd2 c6 26. Bc4 Rb4 27. b3 e4 28. Rd6 Rb6 29.
h3 Bc8 30. g4 a5 31. Rd4 h5 32. Rdxe4 Rxe4 33. Rxe4 hxg4 34. hxg4 Bxg4 35. Re7+ Kf8 36. Rf7+ Ke8 37. Ra7 Bf5 38. Rxa5 Kd7 39. Ra7+ Kd6 40. Kd2 Rb8 41. Kc3 Rh8 42. a4 Rh4 43. Kb4 Rxf4 44. a5 Rf2 45. Rg7 Ra2 46. Rf7 Be4 47. Rf6+ Ke5 48. Re6+ Kd4 49. Rd6+ Bd5 50. Bxd5 cxd5 51.
Rxg6 Ke3 52. Re6+ Kd3 53. Kb5 d4 54. b4 Kc3 55. Rc6+ Kb3 56. Rd6 Kc3 57. a6 d3 58. Kb6 Rb2 59. b5 Kc4 60. Kc6 Rxb5 61. Rxd3 Ra5 62. Kb6 Rxa6+ 63. Kxa6 Kxd3 1/2-1/2

[Event "*** Titled Tuesday Blitz"]
[Site "Chess.com"]
[Date "2020.03.03"]
[Round "1"]
[White "korbul"]
[Black "champ2005"]
[Result "1/2-1/2"]
[WhiteElo "2542"]
[BlackElo "2999"]
[TimeControl "180+1"]
[EndTime "9:08:48 PST"]
[Termination "Game drawn by repetition"]

1. d4 f5 2. Bg5 h6 3. Bh4 g5 4. Bg3 Nf6 5. e3 d6 6. Nc3 c6 7. h4 g4 8. h5 Be6 9. Nge2 Bf7 10. Nf4 Nbd7 11. Bd3 Qa5 12. Kf1 Bg7 13. a3 e5 14.
Ng6 Bxg6 15. hxg6 e4 16. Bc4 d5 17. Ba2 Nf8 18. Ne2 Nxg6 19. c4 O-O 20. Nf4 Nxf4 21. Bxf4 Kh7 22. c5 Qd8 23. b4 Qe8 24. Ke2 a5 25.
Bb3 Qg6 26. Qd2 Ra6 27. Bc7 axb4 28. axb4 Rfa8 29. Rxa6 Rxa6 30. b5 cxb5 31. Qb4 Qe8 32. Be5 Qc6 33. Qc3 Ne8 34. Bf4 Ra8 35. Ra1 Ra6 36. Qb2 b4 37. Rxa6 Qxa6+ 38. Ke1 Nf6 39. Be5 Qc6 40. Qa2 b6 41. Bxf6 Qxf6 42. cxb6 Qxb6 43.
Bxd5 Qc7 44. Qc4 Qxc4 45. Bxc4 Kg6 46. g3 Bf6 47. Ke2 h5 48. Be6 Be7 49. Bb3 h4 50. gxh4 Bxh4 51. Be6 Kf6 52. Bb3 Ke7 53. Bc4 Kd6 54.
Bb3 Ke7 55. Bc4 Kf6 56. Bb3 Kg6 57. Bc4 Be7 58. Bb3 Bd6 59. Bc4 Kg5 60. Be6 Kf6 61.
Bb3 Ke7 62. Bc4 g3 63. fxg3 Bxg3 64. Bb3 Kf6 65. Bc4 Bd6 66. Bb3 f4 67. exf4 Kf5 68. Bc4 Kxf4 69. Bb3 Be7 70. Bc4 Bf6 71. d5 Ke5 72. Bb3 Be7 73. Ba2 Kd4 74. Kd2 Bd6 75.
Bb3 Bf4+ 76. Ke2 Kc3 77. Ba2 Kd4 78. Bb3 Bd6 79. Kd2 Bc5 80. Ba2 Ke5 81. Ke2 Kf4 82. Bb3 Bd6 83. Ba2 Ke5 84. Bb3 Kd4 85. Kd2 1/2-1/2

[Event "*** Titled Tuesday Blitz"]
[Site "Chess.com"]
[Date "2020.03.03"]
[Round "1"]
[White "mrkvoz"]
[Black "Gahan-MG"]
[Result "0-1"]
[WhiteElo "2716"]
[BlackElo "2455"]
[TimeControl "180+1"]
[EndTime "9:08:50 PST"]
[Termination "Gahan-MG won by resignation"]

1. e4 c5 2. Nc3 e6 3. Nge2 a6 4.
g3 Nf6 5. Bg2 d6 6. O-O Be7 7. d3 O-O 8. f4 Nc6 9. h3 Qc7 10. g4 b5 11. Ng3 Bb7 12. g5 Nd7 13. h4 Nd4 14. Nce2 Rfc8 15. Be3 d5 16. c3 Nxe2+ 17. Qxe2 dxe4 18. dxe4 c4 19. Rad1 Bc5 20. Kh1 Bxe3 21. Qxe3 Nc5 22. f5 exf5 23. Nxf5 Rd8 24. h5 Qe5 25. Rd4 Ne6 26. Rdd1 Rd3 27. Rxd3 cxd3 28. g6 hxg6 29. hxg6 fxg6 30. Ne7+ Kh7 31. Qxd3 Nf4 32. Qg3 Qh5+ 33. Qh2 Nxg2 34. Kxg2 Bxe4+ 35. Kg3 Re8 36. Rf7 Kh6 37. Qxh5+ gxh5 38. Kf4 Bg6 39.
Nxg6 Kxg6 40. Ra7 Re6 41. b3 Rf6+ 42. Ke5 h4 43. Ra8 Kg5 44. Rg8 Rg6 45. Rh8 Rh6 46. Rg8 g6 47. Rf8 h3 48. Rf1 h2 49. Rh1 Kg4 50. Kf6 g5+ 51. Kg7 Rh3 52. Kg6 Kh4 53. c4 bxc4 54. bxc4 g4 55. c5 g3 56. c6 g2 57. c7 gxh1=Q 58. c8=Q Qg1+ 59. Kh7 h1=Q 60. Qc4+ Kg3+ 61. Kg6 Kh2+ 62. Kf5 Qf3+ 63. Ke5 Qge3+ 64.
Kd6 Rh6+ 0-1

[Event "*** Titled Tuesday Blitz"]
[Site "Chess.com"]
[Date "2020.03.03"]
[Round "1"]
[White "SHIVACalypso"]
[Black "doons21"]
[Result "1-0"]
[WhiteElo "2200"]
[BlackElo "2586"]
[TimeControl "180+1"]
[EndTime "9:08:50 PST"]
[Termination "SHIVACalypso won on time"]

1. Nf3 Nf6 2. c4 g6 3. g3 Bg7 4. Bg2 O-O 5. O-O d6 6. Nc3 c6 7. Rb1 a5 8. a3 d5 9. cxd5 cxd5 10. d4 Bf5 11. Ra1 Ne4 12. Nh4 Nxc3 13. bxc3 Be6 14. Rb1 Qd7 15. Qb3 Ra7 16. Bd2 a4 17. Qb6 Nc6 18. Nf3 Bf5 19. Rb5 Be4 20.
Ne1 Bxg2 21. Nxg2 Rfa8 22. Rfb1 e6 23. Bf4 Bf8 24. Ra1 Na5 25. Ne3 Ra6 26. Rxa5 Rxb6 27. Rxa8 Kg7 28. Ng4 f6 29. Bh6+ Kf7 30. Rxf8+ Ke7 31.
Nxf6 Qb5 32. Ng8+ Kd7 33. Rf7+ Kc6 34. Re7 Qxe2 35. Be3 Rb3 36. Rxe6+ Kb5 37. Ne7 Kc4 38.
Re5 Rb5 39. Nc8 Kd3 40. Nd6 Rb3 41. Rxd5 h5 42. h4 Kxc3 43. Rc5+ Kd3 44. Rac1 b6 45. Rc6 Rxa3 46. Nf7 Rb3 47. Re6 Qb2 48. Ne5+ Ke2 49.
Rf1 a3 50. Nc4 Qc2 51. Bc1+ Kd3 52. Ne5+ Kc3 53. Be3 Kb2 54. Rc1 Qe2 55. Nc4+ Ka2 56. Nxb6 Rb1 57. Rxb1 Kxb1 58. Nd5 a2 59. Nc3+ Kc2 60.
Nxe2 a1=Q+ 61. Kg2 Kd1 62. Nf4 Qa8+ 63. Kh2 Ke1 64. Rxg6 Kf1 65. Rg5 Qf3 66. d5 Qd1 67. Re5 Ke1 68. Re6 Kf1 69. d6 1-0

[Event "*** Titled Tuesday Blitz"]
[Site "Chess.com"]
[Date "2020.03.03"]
[Round "1"]
[White "Gogolev_Artemy"]
[Black "Jospem"]
[Result "0-1"]
[WhiteElo "2517"]
[BlackElo "2914"]
[TimeControl "180+1"]
[EndTime "9:08:52 PST"]
[Termination "Jospem won on time"]

1. d4 Nf6 2. c4 e6 3. g3 Bb4+ 4. Nd2 d5 5. Bg2 O-O 6. Nf3 b6 7. O-O Bb7 8. b3 a5 9. Bb2 Nbd7 10.
cxd5 exd5 11. Ne5 Qe7 12. Ndf3 Bd6 13. Rc1 h6 14. e3 Qe6 15. Nxd7 Nxd7 16. Qc2 Rac8 17.
Nd2 c5 18. dxc5 bxc5 19. Nc4 Bc7 20. Rfd1 Rfd8 21. Bc3 Ra8 22. Qb2 Bc6 23. Nd2 Ne5 24. Qc2 d4 25. exd4 Bxg2 26. dxe5 Bc6 27. Nc4 Rd4 28.
Bxd4 Qd5 29. f3 Qxf3 30. Bxc5 Qh1+ 31. Kf2 Qxh2+ 32. Ke1 Qxg3+ 33. Qf2 Qg6 34. Bd6 Bd8 35. Rd4 Bg5 36. Rcd1 Re8 37. R4d3 Qh5 38. Kf1 Be4 39. Rd4 f5 40. exf6 gxf6 41. Bh2 Qh3+ 42. Kg1 Qg4+ 43.
Kf1 f5 44. Rxe4 fxe4 45. Rd6 Qh3+ 46. Qg2 Rf8+ 47. Kg1 Qf5 48. Bg3 e3 49. Kh2 Kh8 50. Nxe3 Bxe3 51. Qd5 Qxd5 52. Rxd5 Rc8 53. Rxa5 Rc2+ 54.
Kh3 Kh7 55. Kg4 Bd2 56. Kf3 Bxa5 0-1

[Event "*** Titled Tuesday Blitz"]
[Site "Chess.com"]
[Date "2020.03.03"]
[Round "1"]
[White "Jumbo"]
[Black "Chessmatus"]
[Result "1-0"]
[WhiteElo "2733"]
[BlackElo "2381"]
[TimeControl "180+1"]
[EndTime "9:08:53 PST"]
[Termination "Jumbo won by resignation"]

1. d4 Nf6 2. c4 g6 3. g3 Bg7 4.
Bg2 d5 5. cxd5 Nxd5 6. Nf3 Nb6 7. Nc3 Nc6 8. e3 O-O 9. O-O Re8 10. Re1 a5 11. Qe2 Be6 12. Rd1 Bc4 13. Qc2 Nb4 14. Qb1 e5 15. b3 exd4 16. Nxd4 Bd3 17. Qb2 c5 18. Ndb5 Qf6 19. a3 Bxb5 20. axb4 Qxc3 21. Rxa5 Rxa5 22. Qxc3 Bxc3 23. bxa5 Bxa5 24. Bxb7 Bb4 25.
Bb2 Bd7 26. Rd6 Re6 27. Rd1 Kf8 28.
g4 Ke8 29. g5 Bc6 30. Ba6 Bd5 31. Bb5+ Kd8 32. Bc4 Rd6 33. Be5 Rd7 34. Bb5 Re7 35.
Bf6 Kc7 36. Bxe7 Bxb3 37. Rc1 Nd5 38. Bxc5 Bxc5 39. Rxc5+ Kb6 40. Rxd5 Bxd5 41. Bd3 Be6 42. h4 Kc6 43. Kh2 Kd6 44. Kg3 Ke5 45. f4+ Kd6 46. Bb1 Ke7 47. Kf3 f5 48. Ke2 Bc4+ 49. Kd2 Be6 50.
Kc3 Bd7 51. Kd4 Be6 52. Bd3 Bf7 53. Bc4 Be8 54. Ke5 Bd7 55. Bg8 Be8 56. Bd5 Bd7 57.
Bf3 Be8 58. Be2 Bd7 59. h5 gxh5 60. Bxh5 Be6 61. Be8 Bc4 62. Bc6 Bd3 63. Bd5 Bc2 64. Be6 Bb1 65. Bxf5 1-0

[Event "*** Titled Tuesday Blitz"]
[Site "Chess.com"]
[Date "2020.03.03"]
[Round "1"]
[White "Firouzja2003"]
[Black "Hubbery"]
[Result "1/2-1/2"]
[WhiteElo "3074"]
[BlackElo "2560"]
[TimeControl "180+1"]
[EndTime "9:08:54 PST"]
[Termination "Game drawn by repetition"]

1. e4 e5 2. Nf3 Nc6 3. Bb5 a6 4. Bxc6 dxc6 5. O-O Bg4 6. h3 h5 7. d3 Qf6 8. Be3 Bxf3 9. Qxf3 Qxf3 10. gxf3 Ne7 11. Nd2 Ng6 12. Rfb1 Bd6 13. b4 Kd7 14. a4 f5 15. Kf1 Rhf8 16. Ke2 fxe4 17. Nxe4 Nh4 18.
Rg1 Rf7 19. Ng5 Rf5 20. Rab1 Be7 21. Ne4 g6 22. Nc5+ Bxc5 23. bxc5 Rxf3 24. Bg5 Rxh3 25. Bxh4 Rxh4 26. Rxg6 Rf8 27. Rxb7 Rh2 28. Ra7 Rfxf2+ 29. Ke3 Re2+ 30. Kf3 Rhf2+ 31. Kg3 Rg2+ 32. Kf3 Rxg6 33. Kxe2 h4 34. Ra8 h3 35. Rh8 h2 36. Rxh2 Rg4 37. c4 e4 38. Rh7+ Kc8 39. d4 Rg3 40. d5 cxd5 41.
c6 Kb8 42. cxd5 Rd3 43. Rd7 Rd4 44. a5 Rd3 45. Ke1 Rd4 46. Kf2 Rd3 47. Ke2 Kc8 48. Re7 Rxd5 49. Re8+ Rd8 50. Rxe4 Rd6 51. Re8+ Rd8 52.
Re6 Rd6 53. Re8+ Rd8 54. Re4 Rd6 55. Rc4 Kd8 56. Ke3 Rd5 57. Rh4 Rxa5 58. Rh7 Rd5 59.
Ke4 Rd6 60. Rh8+ Ke7 61. Rh7+ Kd8 62. Rh8+ Ke7 63. Rh7+ Kd8 1/2-1/2

[Event "*** Titled Tuesday Blitz"]
[Site "Chess.com"]
[Date "2020.03.03"]
[Round "1"]
[White "rogapa"]
[Black "RestartingChess"]
[Result "1-0"]
[WhiteElo "2744"]
[BlackElo "2392"]
[TimeControl "180+1"]
[EndTime "9:08:58 PST"]
[Termination "rogapa won by checkmate"]

1. e4 d5 2. exd5 Qxd5 3. Nc3 Qd8 4. d4 Nf6 5. Nf3 Bf5 6. Bd3 Bxd3 7. Qxd3 e6 8. O-O Bd6 9. Nb5 O-O 10. c4 Nc6 11. Nxd6 Qxd6 12. Be3 Rad8 13. a3 e5 14. Qb3 exd4 15. Rad1 Qc5 16. Bg5 Na5 17. Qa4 Nxc4 18. Bxf6 gxf6 19. Qc2 d3 20. Rxd3 Rxd3 21. Qxd3 Nxb2 22.
Qb3 Qb6 23. Qc3 Na4 24. Qc4 Nc5 25. Nh4 Ne6 26. Nf5 Qc5 27. Qg4+ Kh8 28. g3 Rg8 29. Qe4 Qe5 30. Qc2 Ng5 31. Rd1 Nf3+ 32. Kh1 c6 33. Ne3 Qh5 34. Nf1 Ne5 35. Qb3 Ng4 36. Kg1 Qf5 37.
Qb2 Ne5 38. Ne3 Qf3 39. Qd4 Qh5 40. Qf4 Nf3+ 41. Kg2 Nh4+ 42. Kh1 Qf3+ 43. Qxf3 Nxf3 44. Rd7 Kg7 45. Nf5+ Kg6 46. Ne7+ Kg7 47. Nxg8 Kxg8 48. Rxb7 Ne5 49. Rxa7 c5 50. a4 c4 51. a5 Nd3 52.
Rc7 Nxf2+ 53. Kg2 Ng4 54. a6 Ne3+ 55. Kf3 Nd5 56. Rc8+ Kg7 57. a7 Nb6 58. a8=Q c3 59.
Qb7 Na8 60. Rxa8 Kg6 61. Rc8 c2 62. Rxc2 f5 63. Qc6+ Kg5 64. Rd2 f6 65. h4+ Kh5 66. Qe8+ Kh6 67. Rd6 f4 68. Rxf6+ Kg7 69. Qe7+ Kg8 70.
Rf8# 1-0

[Event "*** Titled Tuesday Blitz"]
[Site "Chess.com"]
[Date "2020.03.03"]
[Round "1"]
[White "renehp"]
[Black "Volodar_Murzin"]
[Result "0-1"]
[WhiteElo "2323"]
[BlackElo "2692"]
[TimeControl "180+1"]
[EndTime "9:09:02 PST"]
[Termination "Volodar_Murzin won by resignation"]

1. e4 c6 2. d3 d5 3. Nf3 dxe4 4. dxe4 Qxd1+ 5. Kxd1 Nd7 6. Bf4 Ngf6 7. Nbd2 e6 8.
Bd3 Bc5 9. Ke2 O-O 10. c3 Re8 11. Rhd1 e5 12. Be3 Bd6 13. a4 Bc7 14. Bc2 Ng4 15. Nc4 Nxe3 16. Kxe3 Nb6 17. Nxb6 axb6 18.
Bb3 Kf8 19. h3 Ke7 20. Nd2 f6 21. Nf1 Ra5 22. Ke2 b5 23. axb5 Rxb5 24. Nd2 Rd8 25. Ra3 Bd6 26. Ra2 Rxb3 27. Nxb3 Be6 28. Rxd6 Kxd6 29.
Ra3 Bc4+ 30. Ke1 Kc7 31. Nd2 Bd3 32. c4 Rd4 33. f3 Bxc4 34. Nxc4 Rxc4 35. Kd2 Rd4+ 36.
Ke2 Rb4 37. b3 Kb8 38. Kd3 Rb6 39. Kc4 Ra6 40. Rxa6 bxa6 41. Kc5 Kb7 42. b4 Kc7 43. h4 h6 44. h5 Kb7 45. g3 Kc7 46. f4 Kb7 47. fxe5 fxe5 48. Kd6 Kb6 49. Kxe5 c5 50. Kd6 cxb4 51. e5 b3 52. e6 b2 53. e7 b1=Q 54. e8=Q Qd3+ 55. Ke7 Qe3+ 56. Kf8 Qxe8+ 57. Kxe8 a5 58.
Kf7 a4 59. Kxg7 a3 60. Kxh6 a2 61. Kh7 a1=Q 62. h6 Qf6 63. g4 Qg5 64. Kh8 Qxh6+ 0-1

[Event "*** Titled Tuesday Blitz"]
[Site "Chess.com"]
[Date "2020.03.03"]
[Round "1"]
[White "NiranjanNavalgund"]
[Black "rpragchess"]
[Result "0-1"]
[WhiteElo "2430"]
[BlackElo "2784"]
[TimeControl "180+1"]
[EndTime "9:09:11 PST"]
[Termination "rpragchess won by resignation"]

1. Nf3 Nf6 2. g3 b5 3. Bg2 Bb7 4. O-O e6 5. d4 c5 6. a4 b4 7.
c3 Na6 8. dxc5 Bxc5 9. cxb4 Bxb4 10. Nc3 O-O 11. Bg5 Be7 12. Ne5 Bxg2 13. Kxg2 Nb8 14.
e4 d6 15. Nd3 Nbd7 16. a5 Qb8 17. b4 Rc8 18. Rc1 Rxc3 19. Rxc3 Nxe4 20. Bxe7 Nxc3 21. Qc2 Nd5 22. Qc6 Ne5 23. Nxe5 Nxe7 24. Qd7 Qd8 25.
Rd1 Qxd7 26. Nxd7 Nd5 27. b5 Rd8 28. Rc1 h5 29. b6 Rxd7 30. Rc8+ Kh7 31. Rb8 axb6 32.
axb6 g6 33. b7 Nf6 34. Rh8+ Kxh8 35. b8=Q+ Kg7 36. Qb2 e5 37. h3 Re7 38. Qb5 Re6 39. Qc6 g5 40. g4 hxg4 41. hxg4 Nxg4 42. Qf3 Nf6 43. Qf5 Nh7 44. Kg3 Nf6 45. f3 Kh6 46. Qh3+ Kg7 47. Qf5 Nh5+ 48. Kg4 Nf4 49. Kxg5 Rg6+ 50.
Kh4 Rh6+ 51. Kg3 Rg6+ 52. Kf2 Rg2+ 53. Kf1 Rg6 54. Qd7 Nd5 55. Kf2 Nf4 56. Qf5 Ne6 57. Kf1 Nd4 58. Qe4 Rf6 59. Qg4+ Rg6 60. Qe4 Nxf3 61.
Kf2 Ng5 62. Qd5 Nh3+ 63. Kf3 Nf4 64. Qe4 Ne6 65. Qb7 e4+ 66. Ke3 Nc5 67. Qd5 Rg3+ 68. Kf2 Rf3+ 69. Kg2 Rf6 70. Qg5+ Rg6 0-1

[Event "*** Titled Tuesday Blitz"]
[Site "Chess.com"]
[Date "2020.03.03"]
[Round "1"]
[White "Jungle_Jaguar"]
[Black "monstertube"]
[Result "1-0"]
[WhiteElo "2593"]
[BlackElo "2131"]
[TimeControl "180+1"]
[EndTime "9:09:13 PST"]
[Termination "Jungle_Jaguar won by resignation"]

1. e4 e5 2. Nf3 Nf6 3. Nxe5 d6 4.
Nf3 Nxe4 5. Nc3 Nxc3 6. dxc3 Be7 7. Be3 Nd7 8. Qd2 O-O 9. O-O-O Ne5 10. Ng5 Bf5 11.
h3 h6 12. f4 hxg5 13. fxe5 dxe5 14. Qf2 Qc8 15. Qg3 Qe6 16. Kb1 Rad8 17. Be2 Rxd1+ 18. Bxd1 Rd8 19. Rf1 Qg6 20. Qf2 Be6 21. Bf3 b6 22.
Qe2 f5 23. Rd1 Rxd1+ 24. Qxd1 e4 25. Bh5 Qf6 26. Bd4 Qf8 27. Bg6 Bf7 28. Qh5 Bxg6 29. Qxg6 Qf7 30. Qc6 Bd6 31. Qa8+ Kh7 32. Qxa7 Qe6 33.
Qa6 f4 34. Qe2 Kg6 35. b3 c5 36. Bf2 Qf5 37. Qd1 Qe6 38. Qe2 Be7 39. Qb5 Bf6 40.
a4 e3 41. Be1 Qd6 42. Qe2 Qe5 43. Qd3+ Qf5 44. Qe2 Qe6 45. Kc1 Kf7 46. Qd3 Qe7 47.
Qc4+ Qe6 48. Qd3 Be5 49. Qb5 Bf6 50. a5 bxa5 51. Qxc5 Qe5 52. Qa7+ Kg6 53. Qa6 Kf5 54. Qd3+ Ke6 55. Qa6+ Kf7 56. Qa7+ Kg6 57. Qa6 Kh7 58. Qd3+ Kh8 59. Kd1 Kg8 60. Ke2 Kf7 61. Qd7+ Kg6 62. c4 Qf5 63. Qd3 Qxd3+ 64. cxd3 a4 65. bxa4 Be5 66. Ba5 Bd4 67. Bc7 Kf5 68. a5 Ke6 69. Bb6 Kd7 70. Bxd4 g6 71. Bg7 Kc6 72. Bh6 Kb7 73.
Bxg5 Ka6 74. Bxf4 Kxa5 75. Bxe3 Ka6 76. c5 Kb7 77. Kf3 Kc6 78. Kg4 Kd5 79. Kg5 1-0

[Event "*** Titled Tuesday Blitz"]
[Site "Chess.com"]
[Date "2020.03.03"]
[Round "1"]
[White "Aygehovit1992"]
[Black "hongnhung1234"]
[Result "1/2-1/2"]
[WhiteElo "2642"]
[BlackElo "2267"]
[TimeControl "180+1"]
[EndTime "9:09:17 PST"]
[Termination "Game drawn - insufficient material"]

1. e4 c5 2. Nc3 e6 3. f4 Nc6 4. Nf3 Qc7 5. Bb5 d6 6. O-O Nf6 7. e5 Nd7 8. Qe2 dxe5 9. fxe5 Be7 10. Bxc6 Qxc6 11. d3 O-O 12. Bg5 Bxg5 13. Nxg5 h6 14. Nh3 b5 15. Rae1 Bb7 16. Nf4 Rad8 17. Qh5 Nb6 18. Ne4 Nd5 19. Nxd5 Qxd5 20. Rf3 Kh7 21. Ng5+ Kg8 22. Ne4 c4 23. Kh1 cxd3 24. cxd3 Qd4 25.
Nf6+ Kh8 26. Rg3 Qf4 27. Ng4 Qf5 28. Qxf5 exf5 29. Nf2 g6 30. h4 Kg7 31. Kh2 Rfe8 32. h5 Rd4 33. hxg6 fxg6 34. Nh3 g5 35. Nf2 Kf7 36.
Kg1 Ke6 37. Rh3 Rh8 38. Rh2 Rd5 39. Rc1 Rxe5 40. Kf1 Bd5 41. d4 Re4 42. Nxe4 Bxe4 43. Rc5 Kd6 44. g3 h5 45. Rf2 h4 46. gxh4 Rxh4 47.
Rxb5 Rh1+ 48. Ke2 Bc6 49. Ra5 Be4 50. Rfxf5 Bxf5 51. Rxf5 Rh2+ 52. Rf2 Rh4 53. Kd3 Rh3+ 54. Kc4 g4 55. Rf6+ Ke7 56. Rg6 g3 57. Rg7+ Kf6 58.
Rg4 Kf5 59. Rg8 Kf4 60. b4 Rh2 61. a4 Rc2+ 62. Kb5 Rd2 63. Kc5 g2 64. d5 Kf3 65.
d6 Kf2 66. d7 Rxd7 67. Rxg2+ Kxg2 68. b5 Kf3 69. a5 Ke4 70. Kc6 Rh7 71. b6 axb6 72.
axb6 Kd4 73. b7 Rh6+ 74. Kc7 Rh7+ 75. Kb6 Rh8 76. Ka7 Kc5 77. b8=Q Rxb8 78. Kxb8 1/2-1/2